 Dungeon Crawl Stone Soup version 0.24-a0-537-g2d01d4ab0a (webtiles) character file.

Game seed: 616254509818408297

636 Gynju the Covert (level 7, -1/32 HPs)
             Began as a Spriggan Enchanter on Aug 14, 2019.
             Succumbed to Ijyb's poison gas
             ... on level 4 of the Dungeon.
             The game lasted 00:09:08 (5695 turns).

Gynju the Covert (Spriggan Enchanter)               Turns: 5695, Time: 00:09:09

Health: -1/32      AC:  3    Str:  4    XL:     7   Next: 25%
Magic:  5/15       EV: 18    Int: 18    God:
Gold:   98         SH:  6    Dex: 17    Spells: 7/15 levels left

rFire    . . .     SeeInvis +   f - +4 dagger
rCold    . . .     Gourm    .   o - +0 buckler
rNeg     . . .     Faith    .   v - +1 robe
rPois    .         Spirit   .   (helmet restricted)
rElec    .         Reflect  .   (no cloak)
rCorr    .         Harm     .   (gloves unavailable)
MR       +....                  (boots unavailable)
Stlth    ++++......             (no amulet)
HPRegen  0.10/turn              (no ring)
MPRegen  0.14/turn              (no ring)

@: lethally poisoned (-1 -> -29), very slightly contaminated, very quick
A: very small, unfitting armour, see invisible, herbivore, speed 3, slow
metabolism 2
a: no special abilities


You were on level 4 of the Dungeon.
You were hungry.

You visited 1 branch of the dungeon, and saw 4 of its levels.

You collected 98 gold pieces.

Inventory:

Hand Weapons
 b - a +0 rapier
 f - a +4 dagger (weapon)
Missiles
 u - 6 poisoned darts (quivered)
Armour
 o - a +0 buckler (worn)
 v - a +1 robe (worn)
Jewellery
 h - an uncursed ring of ice {unknown}
Scrolls
 a - a scroll of enchant weapon
 e - 4 scrolls of remove curse
 j - 2 scrolls of amnesia
 m - a scroll of identify
Potions
 c - 2 potions of flight
 g - 2 potions of curing
 i - 2 potions of cancellation
 k - 2 potions of lignification
 l - a potion of might {unknown}
 p - a potion of mutation {unknown}
 r - 2 potions of heal wounds {unknown}
 s - a potion of ambrosia {unknown}
 w - 2 potions of magic {unknown}
Comestibles
 d - 5 rations


   Skills:
 - Level 1.1 Short Blades
 - Level 3.0 Dodging
 * Level 8.1 Stealth
 * Level 2.4 Shields
 + Level 4.7 Spellcasting
 * Level 6.4 Hexes


You had 7 spell levels left.
You knew the following spells:

 Your Spells              Type           Power        Failure   Level  Hunger
b - Ensorcelled Hibernat  Hex/Ice        ###...       8%          2    #......
c - Tukima's Dance        Hex            ####....     4%          3    ###....
d - Confuse               Hex            ####....     4%          3    ###....

Your spell library contained the following spells:

 Spells                   Type           Power        Failure   Level  Hunger
 Corona                   Hex            ####...      1%          1    None
 Dazzling Spray           Conj/Hex       ###...       16%         3    ###....


Dungeon Overview and Level Annotations

Branches:
Dungeon (4/15)
 Temple: D:4-7

Altars:

Annotations:
D:4 1 runed translucent door, Ijyb; Zero's ghost, amateur OpSu


Innate Abilities, Weirdness & Mutations

You are very small and have problems with some larger weapons.
You are too small for most types of armour.
You have supernaturally acute eyesight. (SInv)
You are a herbivore.
You cover ground extremely quickly.
You need to consume almost no food.


Message History

Ijyb hits you.
Your +0 dagger of speed hits Ijyb but does no damage.
You hit Ijyb but do no damage.
Ijyb is severely wounded.
Your +0 dagger of speed falls from the air.
Ijyb zaps a wand.
Ijyb creates a blast of poison gas!
Casting: Ensorcelled Hibernation (safe; 8% risk of failure)
Confirm with . or Enter, or press ? or * to list all spells.
Aiming: Tukima's Dance (safe; 4% risk of failure)
Press: ? - help, Shift-Dir - straight line, f/p - gnoll
Aim: a gnoll, wielding a +0 spear (chance to defeat MR: 75%)
The gnoll struggles to resist.
You are engulfed in poison gas.
You are poisoned.
You feel sick.
The gnoll hits you from afar with a +0 halberd!
Ijyb barely misses you.
You are engulfed in poison gas.
You are lethally poisoned!
* * * LOW HITPOINT WARNING * * *
You die...

*,,,,#......#*,,,****,,
*,,,,#......#********,,
*,,,*#......#*,,,,,,,,,
****##......##,,,,,,,,,
#......<.+,,,,,,,,,
#.......##,,,****,,
#)......########*,,
#.g.g)..#...#♣8♣#,,
#.@.g...'...#W$.#,,
##§§....#...##+##,,
########.......###
##...#..##. #..........
#.......... #..........
#.......... #..........


You could see Ijyb and 2 gnolls.

Vanquished Creatures
  Eustachio (D:4)
  An ogre (D:2)
  A scorpion (D:3)
  A hound (D:4)
  Jessica (D:2)
  Terence (D:2)
  Natasha (thrice) (D:2)
  2 worker ants (D:4)
  2 gnolls
  3 adders
  3 worms
  3 dart slugs
  6 leopard geckos
  An orc (D:4)
  11 bats
  4 giant cockroaches
  15 hobgoblins
  4 jackals
  11 kobolds
  A frilled lizard (D:3)
  9 goblins
  5 rats
89 creatures vanquished.

Vanquished Creatures (others)
  A ball python (D:4)
1 creature vanquished.

Grand Total: 90 creatures vanquished

Notes
Turn   | Place    | Note
-------+----------+-------------------------------------------
     0 | D:1      | Gynju the Spriggan Enchanter began the quest for the Orb.
     0 | D:1      | Reached XP level 1. HP: 9/9 MP: 5/5
   322 | D:1      | Reached XP level 2. HP: 10/13 MP: 4/6
   398 | D:1      | Learned a level 2 spell: Ensorcelled Hibernation
   443 | D:1      | Reached skill level 5 in Stealth
  1100 | D:2      | Noticed an ogre
  1459 | D:2      | Reached XP level 3. HP: 16/16 MP: 8/8
  1464 | D:2      | Learned a level 3 spell: Tukima's Dance
  1724 | D:2      | Noticed Jessica
  1728 | D:2      | Killed Jessica
  1848 | D:2      | Reached XP level 4. HP: 21/21 MP: 10/10
  2166 | D:2      | Killed an ogre
  2166 | D:2      | Reached skill level 6 in Stealth
  2166 | D:2      | Reached skill level 1 in Shields
  2166 | D:2      | Reached skill level 5 in Hexes
  2166 | D:2      | Reached XP level 5. HP: 24/24 MP: 0/11
  2374 | D:2      | Noticed Natasha
  2921 | D:2      | Killed Natasha
  2999 | D:2      | Noticed Natasha
  3447 | D:2      | Noticed Terence
  3461 | D:2      | Killed Terence
  3461 | D:2      | Reached XP level 6. HP: 28/28 MP: 10/13
  3540 | D:2      | Killed Natasha
  3540 | D:2      | Reached skill level 7 in Stealth
  4013 | D:2      | Noticed Natasha
  4024 | D:2      | Killed Natasha
  4546 | D:3      | Learned a level 3 spell: Confuse
  4827 | D:4      | Noticed Eustachio
  5082 | D:4      | Killed Eustachio
  5082 | D:4      | Reached skill level 8 in Stealth
  5082 | D:4      | Reached XP level 7. HP: 22/32 MP: 2/14
  5467 | D:4      | Found a runed translucent door.
  5468 | D:4      | Noticed Zero's ghost (amateur OpSu)
  5482 | D:4      | Noticed Ijyb
  5695 | D:4      | HP: 1/32 [Ijyb] (9)]
  5695 | D:4      | Succumbed to Ijyb's poison gas

Levels and vault maps discovered:
D:1:      dpeg_arrival_simpleton_a, layout_basic, minmay_tetromino_s4
D:2:      layout_basic, chequers_serial_rivers_marsh, minmay_misc_feat_rows,
          uniq_terence, uniq_jessica, uniq_natasha
D:3:      layout_loops_cross, first_ration, hangedman_feature_mirror
D:4:      layout_gridville, gammafunk_ghost_grave, elyvilon_altar_5,
          uniq_eustachio, uniq_ijyb

Skill      XL: |  1  2  3  4  5  6 |
---------------+-------------------+-----
Hexes          | 4 5 6 |  6.4
Stealth        | 5 6 8 |  8.1
Spellcasting   | 3 4 |  4.7
Shields        | 1 2 |  2.4
Short Blades   | |  1.1
Dodging        | |  3.0

Action                   |  1- 3 |  4- 6 |  7- 9 || total
-------------------------+-------+-------+-------++-------
Melee: Dagger            |    64 |   169 |    36 ||   269
 Cast: Corona            |     3 |       |       ||     3
       Ensorcelled Hiber |     7 |    42 |     4 ||    53
       Confuse           |       |     1 |       ||     1
       Tukima's Dance    |       |       |     3 ||     3
  Use: Scroll            |       |    12 |       ||    12
 Stab: Sleeping          |    15 |    22 |     2 ||    39
       Distracted        |       |     1 |       ||     1
  Eat: Ration            |       |     1 |     1 ||     2
Armor: Robe              |     5 |    19 |     1 ||    25
Dodge: Dodged            |    38 |   127 |    26 ||   191
Block: Buckler           |     1 |    48 |    10 ||    59

Table legend:
 A = Non-vault XP
 B = Vault XP
 C = Vault XP percentage of total XP
 D = Non-vault monster count
 E = Vault monster count
 F = Vault count percentage of total count
                 A         B        C        D         E       F
            +---------+---------+-------+---------+---------+-------
      Total |     586 |     323 |  35.5 |      82 |       7 |   7.9
            +---------+---------+-------+---------+---------+-------
        D:1 |      44 |       2 |   4.3 |      17 |       1 |   5.6
        D:2 |     297 |     108 |  26.7 |      38 |       3 |   7.3
        D:3 |     109 |       2 |   1.8 |      19 |       2 |   9.5
        D:4 |     136 |     211 |  60.8 |       8 |       1 |  11.1
            +---------+---------+-------+---------+---------+-------
